 Dungeon Crawl Stone Soup version 0.27.0-1-g7a089689b8 (console) character file.

Game seed: 16564145565080919774

3001 jejorda2 the Cleaver (level 9, -8/123 HPs)
             Began as a Deep Dwarf Transmuter on Aug 1, 2021.
             Was a Believer of Makhleb.
             Mangled by a gnoll (15 damage)
             ... in a bailey.
             The game lasted 00:27:22 (5610 turns).

jejorda2 the Cleaver (Deep Dwarf Transmuter)        Turns: 5610, Time: 00:27:24

Health: -8/123     AC: 20    Str: 16    XL:     9   Next: 54%
Magic:  8/8        EV:  6    Int: 15    God:    Makhleb [**....]
Gold:   399        SH:  0    Dex: 13    Spells: 11/11 levels left

rFire    . . .     SeeInvis .   a - +0 hand axe (elec)
rCold    + . .     Faith    .   (no shield)
rNeg     . . .     Spirit   .   n - +0 plate armour {rC+}
rPois    .         Reflect  .   (no helmet)
rElec    .         Harm     .   l - +0 cloak
rCorr    .         Rampage  .   D - +1 pair of gloves
Will     ++...                  i - +2 pair of boots
Stlth    ..........             (no amulet)
HPRegen  0.00/turn              j - ring of willpower
MPRegen  0.11/turn              (no ring)

@: berserking (expiring), very quick
A: damage resistance, heal wounds, sense surroundings 2, no regeneration
a: Heal Wounds, Renounce Religion, Minor Destruction


You were in a bailey.
You worshipped Makhleb.
Makhleb was pleased with you.
You visited 2 branches of the dungeon, and saw 8 of its levels.
You also visited: Sewer and Bailey.

You collected 399 gold pieces.

Inventory:

Hand Weapons
 a - a +0 hand axe of electrocution (weapon)
 w - a +1 battleaxe of freezing
 y - the +7 short sword of Gigeid {vorpal, Str+4 Int-3 Dex+8}
   (You found it in a sewer)

   It inflicts extra damage upon your enemies.
   Str:       It affects your strength (+4).
   Int:       It affects your intelligence (-3).
   Dex:       It affects your dexterity (+8).
 A - a +0 flail
Missiles
 b - 8 curare-tipped darts
 h - 7 javelins
 m - 214 stones
 s - 80 boomerangs
 B - 2 throwing nets
 E - 13 poisoned darts (quivered)
Armour
 i - a +2 pair of boots (worn)
 l - a +0 cloak (worn)
 n - a +0 plate armour of cold resistance (worn)
 D - a +1 pair of gloves (worn)
Jewellery
 j - a ring of willpower (left hand)
Wands
 f - a wand of polymorph (8)
 o - a wand of flame (29)
 z - a wand of acid (11)
Scrolls
 v - 2 scrolls of amnesia
Potions
 c - 3 potions of might
 d - 6 potions of curing
 e - a potion of brilliance
 g - a potion of heal wounds
 k - a potion of flight {unknown}
 p - 2 potions of magic {unknown}
 q - a potion of attraction {unknown}
 r - a potion of degeneration {unknown}
 t - a potion of haste
 u - a potion of lignification
 x - a potion of resistance
 C - a potion of ambrosia
 G - a potion of cancellation {unknown}


   Skills:
 - Level 6.2 Fighting
 + Level 9.8 Axes
 - Level 7.2 Armour
 - Level 2.1 Dodging
 - Level 2.6 Unarmed Combat
 - Level 1.7 Spellcasting
 - Level 1.7 Transmutations
 * Level 2.1 Invocations


You had 11 spell levels left.
You didn't know any spells.
Your spell library contained the following spells:

 Spells                   Type           Power      Damage    Failure   Level
 Beastly Appendage        Tmut           12%        N/A       99%         1
 Wereblood                Tmut           6%         N/A       100%        2
 Call Canine Familiar     Summ           1%         N/A       100%        3
 Gell's Gravitas          Tloc           0%         N/A       100%        3
 Portal Projectile        Hex/Tloc       2%         N/A       100%        3
 Spider Form              Tmut/Pois      1%         N/A       100%        3
 Teleport Other           Tloc           1%         N/A       100%        3
 Animate Dead             Necr           0%         N/A       100%        4
 Ice Form                 Ice/Tmut       3%         N/A       100%        4
 Leda's Liquefaction      Hex/Erth       0%         N/A       100%        4
 Borgnjor's Vile Clutch   Necr/Erth      0%         N/A       100%        5
 Summon Forest            Summ/Tloc      0%         N/A       100%        5
 Summon Mana Viper        Hex/Summ       1%         N/A       100%        5
 Death Channel            Necr           0%         N/A       100%        6
 Dispersal                Tloc           0%         N/A       100%        6
 Shadow Creatures         Summ           N/A        N/A       100%        6


Dungeon Overview and Level Annotations

Branches:
Dungeon (7/15)             Temple (1/1) D:4           Sewer (visited)
 Bailey (1/1)

Altars:
Ashenzari
Cheibriados
Dithmenos
Elyvilon
Fedhas
Gozag
Hepliaklqana
Kikubaaqudgha
Makhleb
Nemelex Xobeh
Okawaru
Qazlal
Ru
Sif Muna
Trog
Uskayaw
Vehumet
Wu Jian
Xom
Yredelemnul
Zin
The Shining One


Innate Abilities, Weirdness & Mutations

You are resistant to damage.
You can heal yourself by infusing magical energy.
You passively map the area around you.
You do not regenerate.


Message History

A red film seems to cover your vision as you go berserk!
You feel yourself moving faster!
You feel mighty!
The orc warrior hits you with a +0 battleaxe!
The gnoll closely misses you.
You barely miss the orc warrior.
The orc warrior hits you with a +0 battleaxe.
You slash the orc warrior!
The orc warrior is moderately wounded.
The gnoll hits you but does no damage.
You are electrocuted!
You hit the orc warrior.
The orc warrior is moderately wounded.
The orc warrior hits you with a +0 battleaxe.
You slash the orc warrior!
The orc warrior is severely wounded.
The gnoll hits you but does no damage.
You closely miss the orc warrior.
The orc warrior is severely wounded.
The orc warrior hits you with a +0 battleaxe!
* * * LOW HITPOINT WARNING * * *
You slash the orc warrior!
You kill the orc warrior!
Makhleb accepts your kill.
The gnoll hits you from afar with a +2 halberd of electrocution!
* * * LOW HITPOINT WARNING * * *
Your Invocations skill gained 2 levels and is now at level 2!
The gnoll barely misses you.
The gnoll hits you with a +2 halberd of electrocution!
* * * LOW HITPOINT WARNING * * *
Found a red potion.
Items here: ! ( ) [.
You slash the gnoll! Lightning courses through the gnoll!
You kill the gnoll!
Makhleb accepts your kill. The gnoll hits you but does no damage.
The gnoll hits you from afar with a +0 halberd.
* * * LOW HITPOINT WARNING * * *
The gnoll hits you with a +1 halberd of electrocution!
* * * LOW HITPOINT WARNING * * *
You are electrocuted!!
You die...

#'# ### #####
### ##
#.###.###.# *
.# #.
##'##'##'##
##'##'#
##†)...##
..!..#*
###.)...###
.....##
#.'..⌠..'.#
..⌠.!'.
###.....###
gg...#*
##.....##
##gg..!#*
##'##'##'###@#
#.###.###!()##
* ### ###
##### **


You could see 3 gnolls and a hobgoblin.

Vanquished Creatures
  Pikel (D:7)
  Joseph (D:7)
  Grinder (D:3)
  Menkaure (D:6)
  A water moccasin (Sewer)
  A sky beast (D:5)
  An orc warrior (Bailey)
  A black bear (D:6)
  An ogre (D:6)
  Blork the orc (D:5)
  A bullfrog (D:6)
  3 scorpions
  3 wights (D:6)
  3 howler monkeys
  3 centaur zombies
  A centaur skeleton (D:3)
  2 orc priests
  A hound (D:4)
  2 jellies
  2 gnoll shamans
  Terence (D:2)
  5 iguanas
  An orc wizard (Temple)
  A hound zombie (D:5)
  23 gnolls
  7 adders
  A shadow imp (D:5)
  3 worms
  A dart slug (D:1)
  9 orcs
  12 endoplasms
  4 giant cockroaches
  12 goblins
  15 hobgoblins
  4 jackals
  4 quokkas
  10 ball pythons
  8 bats
  2 frilled lizards
  15 kobolds
  9 rats
  A spectral goblin (D:2)
179 creatures vanquished.

Vanquished Creatures (others)
  A ball python (D:1)
1 creature vanquished.

Grand Total: 180 creatures vanquished

Notes
Turn   | Place    | Note
-------+----------+-------------------------------------------
     0 | D:1      | jejorda2 the Deep Dwarf Transmuter began the quest for the
                  | Orb.
     0 | D:1      | Reached XP level 1. HP: 16/16 MP: 3/3
    20 | D:1      | Reached skill level 1 in Fighting
   128 | D:1      | Reached skill level 1 in Axes
   128 | D:1      | Reached XP level 2. HP: 13/25 MP: 4/4
   166 | D:1      | Reached skill level 1 in Armour
   501 | D:1      | Reached XP level 3. HP: 9/32 MP: 5/5
   731 | D:2      | Noticed Terence
  1048 | D:2      | Reached skill level 2 in Axes
  1111 | D:2      | Killed Terence
  1112 | D:2      | Reached XP level 4. HP: 32/39 MP: 6/6
  1140 | D:2      | Found a faded altar of an unknown god.
  1455 | D:3      | Noticed Grinder
  1466 | D:3      | Killed Grinder
  1467 | D:3      | Reached skill level 3 in Axes
  1467 | D:3      | Reached XP level 5. HP: 47/49 MP: 7/7
  1467 | D:3      | Reached XP level 6. HP: 54/56 MP: 8/8
  1560 | D:3      | Found a glowing drain.
  1595 | Sewer    | Entered a sewer
  1656 | Sewer    | Noticed a water moccasin
  1682 | Sewer    | Killed a water moccasin
  1683 | Sewer    | Reached skill level 4 in Axes
  1703 | Sewer    | Identified the +7 short sword of Gigeid {vorpal, Str+4
                  | Int-3 Dex+8}
  1823 | D:3      | You fall into a shaft and drop 1 floor!
  1828 | D:4      | Found a staircase to the Ecumenical Temple.
  1837 | Temple   | Entered the Ecumenical Temple
  2152 | Temple   | Became a worshipper of Makhleb the Destroyer
  2204 | Temple   | Reached XP level 7. HP: 46/63 MP: 8/8
  2306 | D:4      | Reached skill level 5 in Axes
  2345 | D:4      | HP: 1/63 [orc priest/divine providence (11)]
  2763 | D:3      | Found a broken altar of Ashenzari.
  3091 | D:4      | Reached * piety under Makhleb
  3324 | D:4      | Reached skill level 6 in Axes
  3522 | D:4      | Reached skill level 5 in Armour
  3719 | D:5      | Entered Level 5 of the Dungeon
  3797 | D:5      | Found a snail-covered altar of Cheibriados.
  3818 | D:5      | Reached XP level 8. HP: 40/73 MP: 9/9
  3836 | D:5      | Found an ornate altar of the Wu Jian Council.
  3894 | D:5      | Noticed Blork the orc
  3946 | D:5      | Killed Blork the orc
  3950 | D:5      | Reached skill level 7 in Axes
  4241 | D:5      | Reached skill level 5 in Fighting
  4792 | D:6      | Reached skill level 8 in Axes
  4809 | D:6      | Noticed Menkaure
  4817 | D:6      | Killed Menkaure
  4817 | D:6      | Reached ** piety under Makhleb
  4923 | D:6      | Gained mutation: You passively map the area around you.
                  | [Deep Dwarf growth]
  4923 | D:6      | Reached XP level 9. HP: 71/81 MP: 9/9
  5197 | D:6      | Found a shimmering blue altar of Sif Muna.
  5278 | D:7      | Noticed Pikel
  5296 | D:7      | Killed Pikel
  5297 | D:7      | Reached skill level 9 in Axes
  5348 | D:7      | Noticed Joseph
  5370 | D:7      | Killed Joseph
  5383 | D:7      | Found a flagged portal.
  5398 | Bailey   | Entered a bailey
  5610 | Bailey   | Mangled by a gnoll

Illustrated notes

Levels and vault maps discovered:
D:1:      mushboom_english_gardens, layout_rooms, lemuel_old_faithful
D:2:      minmay_spotlight, layout_rooms,
          dreamdust_ecumenical_altar_drowned_temple, uniq_terence
D:3:      layout_basic, ashenzari_conservatory_becter,
          cheibrodos_sewer_entry_bend, uniq_grinder
D:4:      layout_basic, minmay_temple_entry_glass, grunt_decor_one_mirror
D:5:      layout_cave_pods, mainiacjoe_overflow_surrounded_room,
          cheibriados_altar_1, uniq_blork_the_orc
D:6:      layout_rooms, lemuel_blue_sif_altar, hangedman_abyss_or_decor_stabs,
          hangedman_decor_clover_reticule, uniq_menkaure
D:7:      layout_cave_pools, enter_bailey_3, gammafunk_ghost_grave, uniq_pikel,
          uniq_joseph
Temple:   dpeg_five_rooms_temple
Bailey:   bailey_axe_2, bailey

Skill      XL: |  1  2  3  4  5  6  7  8  9 |
---------------+----------------------------+-----
Fighting       | 1 2 3 4 5 6 |  6.2
Axes           | 1 2 3 4 6 8 9 |  9.8
Armour         | 1 2 3 4 5 6 7 |  7.2
Invocations    | 2 |  2.1
Dodging        | |  2.1
Unarmed Combat | |  2.6
Spellcasting   | |  1.7
Transmutations | |  1.7

Action                   |  1- 3 |  4- 6 |  7- 9 || total
-------------------------+-------+-------+-------++-------
Melee: Club              |   192 |       |       ||   192
       Unarmed           |    17 |       |       ||    17
       Whip              |    55 |       |       ||    55
       Hand axe          |       |   119 |   441 ||   560
       Punch             |       |     1 |     7 ||     8
Throw: Stone             |     7 |     2 |     5 ||    14
       Dart              |       |       |     9 ||     9
 Abil: Heal Wounds       |     3 |     2 |    10 ||    15
Evoke: Wand              |    12 |       |       ||    12
  Use: Scroll            |       |     2 |    13 ||    15
       Potion            |       |       |     3 ||     3
Armor: Robe              |    21 |       |       ||    21
       Ring mail         |   113 |       |       ||   113
       Chain mail        |       |    58 |       ||    58
       Plate armour      |       |    28 |   293 ||   321
Dodge: Dodged            |   222 |    53 |   103 ||   378
